General information
- name: BNet
- type: Ladder 1vs1/FFA
- host: Battle.net
- saver: Darkterror
map: TidewaterGlades
- players: 2
- length: 15:58
- speed: Fast
- version: 1.24 W3XP
- replay type: Public
» download(71 KB)
Players
team 1 (winner)
Darkterror (
purple | 145 APM | 2319 actions | 15:58)
5 Demon Hunter
3 Mana Burn
2 Evasion
3 Keeper of the Grove
2 Entangling Roots
1 Thorns Aura
» actions
| Assign group hotkey | 42 | |
| Basic commands | 11 | |
| Build / train | 55 | |
| Enter build submenu | 16 | |
| Enter hero's abilities submenu | 8 | |
| Give item / drop item | 2 | |
| Right click | 1404 | |
| Select / deselect | 364 | |
| Select group hotkey | 340 | |
| Use ability | 77 | |
2319 total
» units
| Wisp | 20 | |
| Huntress | 4 | |
| Dryad | 4 | |
| Druid of the Claw | 8 | |
36 total
» upgrades
| Ultravision | 1 | |
| Druid of the Claw Training | 2 | |
| Strength of the Wild | 1 | |
| Mark of the Claw | 1 | |
5 total
» buildings
| Altar of Elders | 2 | |
| Moon Well | 5 | |
| Ancient of War | 1 | |
| Hunter's Hall | 1 | |
| Tree of Ages | 1 | |
| Ancient of Wonders | 1 | |
| Ancient of Lore | 2 | |
| Tree of Eternity | 1 | |
| Tree of Life | 1 | |
15 total
» build order
00:03 Altar of Elders
00:06 Altar of Elders
00:16 Moon Well
01:40 Ancient of War
01:44 Hunter's Hall
02:24 Moon Well
03:12 Tree of Ages
03:33 Moon Well
05:32 Ancient of Wonders
05:34 Moon Well
05:51 Ancient of Lore
05:54 Ancient of Lore
07:15 Tree of Eternity
08:15 Moon Well
10:50 Tree of Life
» items
| Boots of Speed | 1 | |
| Staff of Preservation | 1 | |
2 total
team 2 (loser)
septem (
teal | 126 APM | 2011 actions | 15:57)
3 Blademaster
2 Wind Walk
1 Critical Strike
3 Tauren Chieftain
2 Shockwave
1 Endurance Aura
» actions
| Assign group hotkey | 19 | |
| Basic commands | 8 | |
| Build / train | 55 | |
| ESC pressed | 2 | |
| Enter build submenu | 12 | |
| Enter hero's abilities submenu | 6 | |
| Give item / drop item | 8 | |
| Right click | 1063 | |
| Select / deselect | 351 | |
| Select group hotkey | 415 | |
| Use ability | 72 | |
2011 total
» units
| Peon | 9 | |
| Grunt | 11 | |
| Raider | 5 | |
| Spirit Walker | 5 | |
| Kodo Beast | 1 | |
| Wind Rider | 1 | |
32 total
» upgrades
| Spirit Walker Training | 1 | |
| Ensnare | 1 | |
2 total
» buildings
| Altar of Storms | 1 | |
| Orc Burrow | 6 | |
| Barracks | 1 | |
| Voodoo Lounge | 1 | |
| Stronghold | 1 | |
| Beastiary | 1 | |
| Spirit Lodge | 1 | |
| War Mill | 1 | |
| Fortress | 1 | |
14 total
» build order
00:06 Altar of Storms
00:19 Orc Burrow
00:37 Barracks
01:32 Orc Burrow
01:55 Voodoo Lounge
03:02 Stronghold
04:36 Orc Burrow
05:27 Beastiary
05:29 Spirit Lodge
06:04 Orc Burrow
09:29 War Mill
10:28 Orc Burrow
12:19 Orc Burrow
12:20 Fortress
» items
| Healing Salve | 5 | |
| Lesser Clarity Potion | 3 | |
| Circlet of Nobility | 1 | |
| Boots of Speed | 1 | |
| Scroll of Speed | 1 | |
11 total
Chat log
(00:17 / All) Darkterror: gl hf
(00:22 / All) septem: u2